 Dungeon Crawl Stone Soup version 0.14-a0-953-g9e7f188 (webtiles) character file.

120 Psiweapon the Vexing (level 5, -3/33 HPs)
             Began as a Formicid Enchanter on Nov 20, 2013.
             Slain by a gnoll
             ... wielding a +0,+0 flail
              (5 damage)
             ... on Level 2 of the Dungeon.
             The game lasted 00:10:39 (2458 turns).

Psiweapon the Vexing (Formicid Enchanter)           Turns: 2458, Time: 00:10:39

HP  -3/33        AC  4     Str 13      XL: 5   Next: 20%
MP   1/8         EV 12     Int 15      God:
Gold 23          SH  0     Dex 11      Spells:  2 memorised,  3 levels left

Res.Fire  : . . .   See Invis. : +   a - +1 dagger
Res.Cold  : . . .   Warding    : .   b - +1 robe
Life Prot.: . . .   Conserve   : .   (no shield)
Res.Poison: x       Res.Corr.  : .   (helmet unavailable)
Res.Elec. : .       Clarity    : .   (no cloak)
Sust.Abil.: . .     Spirit.Shd : .   (no gloves)
Res.Mut.  : .       Stasis     : +   (no boots)
Res.Rott. : .       Flight     : .   (no amulet)
Saprovore : . . .                    (no ring)
                                     (no ring)

@: slightly resistant to hostile enchantments, stealthy
A: permanent stasis, dig shafts and tunnels, four strong arms, poison weakness,
antennae 3, exoskeleton 1
a: Dig, Shaft Self


You were on level 2 of the Dungeon.
You were very hungry.

You visited 1 branch of the dungeon, and saw 2 of its levels.

You collected 23 gold pieces.

Inventory:

Hand weapons
 a - a +1,+1 dagger (weapon)
 y - a +0,+0 vampiric dagger
 A - a +0,+0 falchion
Missiles
 d - 12 darts (quivered)
 l - 7 poisoned needles
 q - 15 darts of frost
 v - 5 javelins of penetration
Armour
 b - a +1 robe (worn)
 o - a +2 ring mail of magic resistance
Comestibles
 f - 3 bread rations
 g - 2 meat rations
 r - an apple
 w - a lemon
Scrolls
 j - 3 scrolls of amnesia {unknown}
 k - 2 scrolls of identify {unknown}
 n - a scroll of teleportation {unknown}
 p - 2 scrolls of remove curse {unknown}
 s - a scroll of magic mapping {unknown}
 t - a scroll of fog {unknown}
 u - a scroll of enchant weapon I {unknown}
Potions
 e - a potion of speed {unknown}
 h - 2 potions of resistance {unknown}
 m - a potion of curing {unknown}
Books
 c - a book of Maledictions

   Spells                             Type                      Level
   *Corona                            Hexes                        1
   Sure Blade                         Hexes/Charms                 2
   *Ensorcelled Hibernation           Hexes/Ice                    2
   Confuse                            Hexes                        3
   Enslavement                        Hexes                        4
   Invisibility                       Hexes                        6


   Skills:
 - Level 1.1 Short Blades
 - Level 1.1 Throwing
 - Level 2.0 Dodging
 + Level 4.4 Stealth
 - Level 1.0 Spellcasting
 + Level 4.5 Hexes
 + Level 1.4 Ice Magic


You had 3 spell levels left.
You knew the following spells:

 Your Spells              Type           Power        Failure   Level  Hunger
a - Corona                Hex            ##.....      4%          1    ##.....
b - Ensorcelled Hibernat  Hex/Ice        #.....       12%         2    ###....


Dungeon Overview and Level Annotations

Branches:
Dungeon (2/16)

Altars:


Innate Abilities, Weirdness & Mutations

Your are under a permanent stasis effect.
You can dig through walls and to a lower floor.
Your four strong arms can wield any weapon, most with a shield.
You are susceptible to poison.
You have a pair of large antennae on your head (SInv).
Your body is surrounded by an exoskeleton. (HP +5, AC +1)


Message History

Confirm with . or Enter, or press ? or * to list all spells.
Aiming: Ensorcelled Hibernation
Press: ? - help, Shift-Dir - straight line, f/p - gnoll
Aim: a gnoll, wielding a flail The gnoll easily resists.
The gnoll misses you.
Casting: Ensorcelled Hibernation
Confirm with . or Enter, or press ? or * to list all spells.
Aiming: Ensorcelled Hibernation
Press: ? - help, Shift-Dir - straight line, f/p - gnoll
Aim: a gnoll, wielding a flail The gnoll resists with some effort.
The gnoll hits you with a flail.
* * * LOW HITPOINT WARNING * * *
You barely miss the gnoll. The gnoll hits you with a flail.
* * * LOW HITPOINT WARNING * * *
You hit the gnoll.
The gnoll is lightly wounded.
You barely miss the gnoll.
The gnoll is lightly wounded.
The gnoll hits you with a flail.
You die...

......# #.# #.##.##.. ......#
###.# #.##.....
......#########...# #.#####..
................### #.# ##..
............##..# #.####...
........#...##..# #.....g.g
......##.##..#..# #.####.{.
......#.#.#.#...#########.#
###.
......#.#.......@......)..#
##.
#...##.........g#########.#
#.. ...#.#.....<....## #.#
#.#
#.###............########.#
##.# #.#
##.........#..........####...
..#
#............................
###
#..........###############...
# #...........## #### #
#........###.#


You could see a gnoll.

Vanquished Creatures
  Ijyb (D:2)
  3 adders (D:2)
  A gnoll (D:2)
  A giant gecko (D:1)
  An ooze (D:1)
  8 bats
  A giant cockroach (D:1)
  6 goblins
  5 hobgoblins
  3 jackals (D:2)
  A quokka (D:2)
  5 giant newts
  3 kobolds
  5 rats
44 creatures vanquished.

Notes
Turn   | Place    | Note
--------------------------------------------------------------
     0 | D:1      | Psiweapon, the Formicid Enchanter, began the quest for the Orb.
     0 | D:1      | Reached XP level 1. HP: 15/15 MP: 3/3
    66 | D:1      | Reached skill level 1 in Throwing
   169 | D:1      | Reached XP level 2. HP: 17/20 MP: 2/4
   228 | D:1      | Learned a level 2 spell: Ensorcelled Hibernation
   955 | D:1      | Reached XP level 3. HP: 24/24 MP: 2/5
  1241 | D:1      | Reached skill level 4 in Hexes
  1526 | D:2      | Noticed Ijyb
  1547 | D:2      | Killed Ijyb
  1547 | D:2      | Reached XP level 4. HP: 7/29 MP: 0/7
  1871 | D:2      | Reached skill level 1 in Ice Magic
  2243 | D:2      | Reached XP level 5. HP: 33/33 MP: 4/8
  2458 | D:2      | Slain by a gnoll

Action                   |  1- 3 |  4- 6 || total
-------------------------+-------+-------++-------
Melee: Dagger            |   127 |    29 ||   156
Throw: Dart              |     5 |       ||     5
 Cast: Corona            |     8 |       ||     8
       Ensorcelled Hiber |    14 |    15 ||    29
 Stab: Sleeping          |    14 |     8 ||    22
       Distracted        |     1 |       ||     1
